 Dungeon Crawl Stone Soup version 0.29.1-15-g9cfb28693d (webtiles) character file.

Game seed: 8229151821300548903

56 protoss039 the Digger (level 3, 27/27 HPs)
             Began as a Demonspawn Earth Elementalist on Mar 13, 2023.
             Got out of the dungeon alive.
             The game lasted 00:01:26 (1342 turns).

protoss039 the Digger (DsEE)                        Turns: 1342, Time: 00:01:27

Health: 27/27      AC:  7    Str:  8    XL:     3   Next: 71%
Magic:  16/16      EV: 10    Int: 24    God:
Gold:   88         SH:  0    Dex: 13    Spells: 4/7 levels left

rFire   . . .      SeeInvis .   a - +1 short sword (drain)
rCold   . . .      Faith    .   (no shield)
rNeg    . . .      Spirit   .   g - +0 ring mail
rPois   .          Reflect  .   (helmet restricted)
rElec   .          Harm     .   (no cloak)
rCorr   .          Rampage  .   (no gloves)
Will    .....                   (no boots)
Stlth   +.........              (no amulet)
HPRegen 0.09/turn               f - ring of magical power
MPRegen 0.15/turn               k - +6 ring of intelligence

@: no status effects
A: antennae 1, slimy green scales 1
a: no special abilities


You escaped.
You visited 1 branch of the dungeon, and saw 2 of its levels.

You collected 88 gold pieces.

Inventory:

Hand Weapons
 a - a +1 short sword of draining (weapon)
Armour
 g - a +0 ring mail (worn)
Jewellery
 f - a ring of magical power (left hand)
 k - a +6 ring of intelligence (right hand)
Scrolls
 d - 3 scrolls of identify {unknown}
 h - 2 scrolls of teleportation {unknown}
 i - a scroll of amnesia {unknown}
 l - a scroll of vulnerability {unknown}
 m - a scroll of immolation {unknown}
 n - a scroll of brand weapon {unknown}
Potions
 b - a potion of magic
 c - 2 potions of degeneration {unknown}
 e - a potion of mutation {unknown}
 j - a potion of invisibility {unknown}


   Skills:
 + Level 1.8 Fighting
 - Level 1.7 Dodging
 - Level 1.7 Stealth
 + Level 2.7 Spellcasting
 - Level 0.8 Transmutations
 + Level 3.2 Earth Magic


You had 4 spell levels left.
You knew the following spells:

 Your Spells              Type           Power      Damage    Failure   Level
a - Sandblast             Erth           38%        2d10      9%          1
b - Passwall              Tmut/Erth      10%        N/A       22%         2

Your spell library contained the following spells:

 Spells                   Type           Power      Damage    Failure   Level
 Stone Arrow              Conj/Erth      22%        3d8       47%         3
 Petrify                  Tmut/Erth      13%        N/A       82%         4


Dungeon Overview and Level Annotations

Branches:
Dungeon (2/15) Zot: 10646

Altars:
Dithmenos


Innate Abilities, Weirdness & Mutations

You have a pair of small antennae on your head.
You are partially covered in slimy green scales. (AC +2)


Message History

The goblin shouts!
Casting: Sandblast (safe; 9% risk of failure)
Confirm with . or Enter, or press ? or * to list all spells.
Aiming: Sandblast (safe; 9% risk of failure)
Press: ? - help, Shift-Dir - straight line, f - goblin
Aim: a goblin, wielding a +0 hand axe (77% to hit)
The blast of sand hits the goblin.
You kill the goblin!
The hobgoblin shouts!
Unknown command.
Casting: Sandblast (safe; 9% risk of failure)
Confirm with . or Enter, or press ? or * to list all spells.
Aiming: Sandblast (safe; 9% risk of failure)
Press: ? - help, Shift-Dir - straight line, f - hobgoblin
Aim: a hobgoblin, wielding a +0 dagger and wearing a +0 robe (82% to hit)
You miscast Sandblast.
You are very lightly contaminated with residual magic.
Nothing appears to happen.
Unknown command.
Casting: Sandblast (safe; 9% risk of failure)
Confirm with . or Enter, or press ? or * to list all spells.
Aiming: Sandblast (safe; 9% risk of failure)
Press: ? - help, Shift-Dir - straight line, f/p - hobgoblin
Aim: a hobgoblin, wielding a +0 dagger and wearing a +0 robe (82% to hit)
The blast of sand hits the hobgoblin!
You kill the hobgoblin!
Unknown command.
d - 3 scrolls labelled BETHRE JYRYCVY (gained 1)
Things that are here:
a +0 dagger; a +0 robe; a hobgoblin corpse
Okay, then.
Your magical contamination has completely faded away.
Magic restored.
You see here a +0 leather armour.
There is a stone staircase leading up here.
You climb upwards.
There is a stone staircase leading down here.
There is a staircase leading out of the dungeon here.
Are you sure you want to leave the Dungeon?
This will make you lose the game!
You have escaped!

######'#.####............(...# #
####.#.################....# #
#......##....#.##...######## #
#.##.#####.....#.....# #
##+##...#.............# #
#.....#.##...........### #
##.....#.......~~~....#.# #
.......#......~...~.....## #
.......#......~.@.≈......## #
...##'##>.....~...~.......#
...##.....#....~~~......#.#
...#########..........###.#######
...# #.#...........##........
...# #........#....##........
...# ##.#.#.#.#.#.###........
...# ############# #........ ####
#........


There were no monsters in sight!

Vanquished Creatures
  2 adders (D:2)
  8 endoplasms
  3 giant cockroaches
  5 goblins
  2 hobgoblins (D:2)
  4 quokkas
  A ball python (D:1)
  5 bats (D:1)
  A frilled lizard (D:2)
  A kobold (D:1)
  A rat (D:1)
33 creatures vanquished.

Notes
Turn   | Place    | Note
-------+----------+-------------------------------------------
     0 | D:1      | protoss039 the Demonspawn Earth Elementalist began the
                  | quest for the Orb.
     0 | D:1      | Reached XP level 1. HP: 13/13 MP: 3/3
   373 | D:1      | Gained mutation: You are partially covered in slimy green
                  | scales. (AC +2) [demonic ancestry]
   373 | D:1      | Reached XP level 2. HP: 20/20 MP: 5/5
   477 | D:1      | Reached skill level 1 in Fighting
   562 | D:1      | Reached skill level 3 in Earth Magic
   888 | D:1      | Learned a level 2 spell: Passwall
   994 | D:2      | Gained mutation: You have a pair of small antennae on your
                  | head. [demonic ancestry]
   994 | D:2      | Reached XP level 3. HP: 23/26 MP: 6/6
  1227 | D:2      | Found a shadowy altar of Dithmenos.
  1342 | D:$      | Got out of the dungeon alive.

Illustrated notes

Levels and vault maps discovered:
D:1:      enne_arrival_octagon_isle, layout_basic, columned_hall_lemuel
D:2:      minmay_recursive_quarters, layout_basic, basic_altar

Skill      XL: |  1  2 |
---------------+-------+-----
Fighting       | 1 |  1.8
Earth Magic    | 3 |  3.2
Dodging        | |  1.7
Stealth        | |  1.7
Spellcasting   | |  2.7
Transmutations | |  0.8

Action                   || total
-------------------------++-------
Melee: Short sword       ||    46
 Cast: Sandblast         ||    17
 Stab: Sleeping          ||     1
Armor: Ring mail         ||    23
Dodge: Dodged            ||    29
